Sharks vs Golden Knights

Created - 29 octobre 2019 at 19:15

Goals
1 2 3 T
Sharks 0 1 0 1
Golden Knights 1 1 1 3
Shots
1 2 3 T
Sharks 6 19 8 33
Golden Knights 20 13 6 39

1st period

1. Golden Knights , Kyle Okposo 3 (Austin Watson 3, Phil Kessel 6) at 17:10

Penalties :
Brock Boeser (VGK) for Hooking (Minor) at 8:59

2nd period

2. Golden Knights , Brock Boeser 2 (Derek Stepan 7, Kris Russell 5) at 5:33
3. Sharks , Boone Jenner 5 (Andreas Johnsson 2, Alex Pietrangelo 5) at 15:56

Penalties :
Daniel O'Regan (VGK) for Roughing (Minor) at 19:30

3rd period

4. Golden Knights , Brock Boeser 3 (Derek Stepan 8, P.K. Subban 6) at 12:43

Penalties :
Austin Watson (VGK) for Hooking (Minor) at 9:48, P.K. Subban (VGK) for Hooking (Minor) at 13:39

Goalie Stats

Darcy Kuemper (SJS), 36 saves from 39 shots - (0,923), L, 6-2-0, 60:00 minutes
Connor Hellebuyck (VGK), 32 saves from 33 shots - (0,970), W, 9-1-0, 60:00 minutes

Players Stats for Sharks

Player Name              G  A  P  +/- PIM S  H  SB GA TA FO     MP     PP MP  PK MP  
------------------------------------------------------------------------------------
Alex Pietrangelo         0  1  1  -1  0   2  1  4  0  1  0/0    22:01   4:04   0:00 
Andreas Johnsson         0  1  1   0  0   2  0  0  0  0  0/1    16:31   1:58   0:00 
Boone Jenner             1  0  1   0  0   5  0  2  0  1  7/16   14:21   0:00   0:00 
Colton Sceviour          0  0  0   0  0   0  2  0  0  0  0/0    13:46   0:00   0:00 
Dylan Larkin             0  0  0  -1  0   4  1  0  2  0  9/16   20:03   3:20   0:00 
Gabriel Landeskog        0  0  0  -1  0   1  2  0  2  0  1/2    19:43   3:49   0:00 
Jonathan Drouin          0  0  0  -1  0   2  1  0  1  2  1/2    20:12   3:36   0:00 
Jonathan Huberdeau       0  0  0  -1  0   1  0  0  1  0  2/3    18:55   3:09   0:00 
Justin Braun             0  0  0  -1  0   2  1  0  0  1  0/0    18:21   0:00   0:00 
Kenny Agostino           0  0  0   0  0   0  1  0  0  1  0/0     5:05   0:00   0:00 
Michael Raffl            0  0  0   0  0   1  0  0  0  0  0/0     6:34   0:41   0:00 
Mirco Mueller            0  0  0   0  0   2  0  0  0  0  0/0    16:21   0:00   0:00 
Robert Thomas            0  0  0   0  0   1  0  0  0  0  0/0     5:36   0:00   0:00 
Shea Theodore            0  0  0   0  0   0  0  2  1  1  0/0    20:01   4:04   0:00 
Sidney Crosby            0  0  0  -1  0   3  1  1  0  1  17/25  19:37   3:49   0:00 
Teuvo Teravainen         0  0  0  -1  0   5  0  2  1  0  0/0    19:37   3:26   0:00 
Tyson Barrie             0  0  0  -1  0   1  0  0  1  0  0/0    21:38   3:52   0:00 
Zach Werenski            0  0  0  -1  0   1  2  2  0  2  0/0    21:38   3:52   0:00 

Players Stats for Golden Knights

Player Name              G  A  P  +/- PIM S  H  SB GA TA FO     MP     PP MP  PK MP  
------------------------------------------------------------------------------------
Antoine Roussel          0  0  0   1  0   3  3  0  1  0  0/2    19:03   0:00   2:55 
Austin Watson            0  1  1   1  2   0  2  1  0  0  0/0    13:32   0:00   0:00 
Blake Coleman            0  0  0   0  0   3  1  1  0  1  0/1    19:49   0:00   4:36 
Brock Boeser             2  0  2   1  2   5  0  0  1  1  1/1    16:26   0:00   0:00 
Brooks Orpik             0  0  0  -1  0   1  2  3  0  1  0/0    21:45   0:00   4:50 
Daniel O'Regan           0  0  0   0  2   0  0  0  0  0  0/2     7:07   0:00   0:00 
Derek Stepan             0  2  2   1  0   5  1  0  2  0  8/16   19:04   0:00   2:55 
Drake Caggiula           0  0  0   0  0   4  0  0  1  0  0/0     7:12   0:00   0:31 
Dustin Byfuglien         0  0  0   1  0   1  2  1  0  0  0/0    23:11   0:00   4:52 
Evgeni Malkin            0  0  0   0  0   1  0  0  0  1  14/32  19:49   0:00   4:39 
Korbinian Holzer         0  0  0   2  0   1  3  0  0  0  0/0    16:22   0:00   0:45 
Kris Russell             0  1  1   2  0   0  0  2  1  1  0/0    15:47   0:00   0:00 
Kyle Okposo              1  0  1   1  0   8  0  0  2  0  0/1    13:32   0:00   0:00 
Mark Barberio            0  0  0   0  0   0  0  0  0  0  0/0     2:10   0:00   0:26 
Nic Dowd                 0  0  0   1  0   2  0  0  0  0  5/10   14:13   0:00   0:00 
P.K. Subban              0  1  1   1  2   0  0  2  0  2  0/0    20:58   0:00   2:09 
Patrik Berglund          0  0  0   0  0   1  1  0  0  1  0/0     6:13   0:00   0:00 
Phil Kessel              0  1  1   0  0   4  0  0  2  0  0/0    15:08   0:00   0:00 
Ryan Pulock              0  0  0  -1  0   0  0  1  0  1  0/0    20:39   0:00   3:06 

3 Stars

1 - Connor Hellebuyck (VGK)
2 - Brock Boeser (VGK)
3 - Derek Stepan (VGK)

Power Play

Sharks - 0 on 4 Attempt(s) - 0,00%
Golden Knights - 0 on 0 Attempt(s) - 0,00%

Penalty Kill

Sharks - 0 on 0 Attempt(s) - 0,00% - Score 0 goal in Penalty Kill
Golden Knights - 4 on 4 Attempt(s) - 100,00% - Score 0 goal in Penalty Kill

Team Stat

Sharks - Hits : 12 - Faceoff Wins : 37 - Blocked Shots : 13 - Penalty Minutes : 0
Golden Knights - Hits : 15 - Faceoff Wins : 28 - Blocked Shots : 11 - Penalty Minutes : 8

Official

Referees : TJ Luxmore and Kyle Rehman
Linesman : Pierre Racicot and Brandon Gawryletz

Game Notes

No Game Note

Finance

Level 1 -- Attendance: 5668 (94,47%) -- Ticket Income 425 100 $
Level 2 -- Attendance: 3546 (70,92%) -- Ticket Income 230 490 $
Level 3 -- Attendance: 1286 (64,30%) -- Ticket Income 57 870 $
Level 4 -- Attendance: 2280 (57,00%) -- Ticket Income 79 800 $
Luxury Box -- Attendance: 987 (98,70%) -- Ticket Income 123 375 $
Game was played at the T-Mobile arena.
Total Attendance: 13767 (76,48%)
Total Ticket Income: 916 635 $
Other Income: 449 151 $
Total Income: 1 365 786 $

Sharks

5 vs 5 Forward 
   Center                   Left Wing                Right Wing               Time % Phy DF OF 
 1 Sidney Crosby            Gabriel Landeskog        Jonathan Huberdeau       35     0   1  4  
 2 Dylan Larkin             Teuvo Teravainen         Jonathan Drouin          35     0   2  3  
 3 Boone Jenner             Andreas Johnsson         Colton Sceviour          30     0   3  2  
 4 Robert Thomas            Kenny Agostino           Michael Raffl            0      0   4  1  

5 vs 5 Defense 
   Defense                  Defense                                           Time % Phy DF OF 
 1 Alex Pietrangelo         Justin Braun                                      35     0   2  3  
 2 Zach Werenski            Tyson Barrie                                      35     0   2  3  
 3 Shea Theodore            Mirco Mueller                                     25     0   3  2  
 4 Mirco Mueller            Shea Theodore                                     5      0   3  2  

PowerPlay Forward 
   Center                   Left Wing                Right Wing               Time % Phy DF OF 
 1 Sidney Crosby            Gabriel Landeskog        Jonathan Drouin          55     0   0  5  
 2 Dylan Larkin             Teuvo Teravainen         Jonathan Huberdeau       45     0   1  4  

PowerPlay Defense
   Defense                  Defense                                           Time % Phy DF OF 
 1 Alex Pietrangelo         Shea Theodore                                     55     0   1  4  
 2 Zach Werenski            Tyson Barrie                                      45     0   1  4  

Penalty Kill 4 Players Forward 
   Center                   Wing                     Time % Phy DF OF 
 1 Boone Jenner             Michael Raffl            55     0   5  0  
 2 Dylan Larkin             Colton Sceviour          45     0   5  0  

Penalty Kill 4 Players Defense
   Defense                  Defense                  Time % Phy DF OF 
 1 Mirco Mueller            Justin Braun             55     0   5  0  
 2 Zach Werenski            Shea Theodore            45     0   5  0  

Penalty Kill - 3 Players Forward 
   Forward                                           Time % Phy DF OF 
 1 Boone Jenner                                      55     0   5  0  
 2 Dylan Larkin                                      45     0   5  0  

Penalty Kill - 3 Players Defense
   Defense                  Defense                  Time % Phy DF OF 
 1 Alex Pietrangelo         Justin Braun             55     0   5  0  
 2 Zach Werenski            Tyson Barrie             45     0   5  0  

4 vs 4 Forward 
   Center                   Wing                     Time % Phy DF OF 
 1 Gabriel Landeskog        Dylan Larkin             55     0   2  3  
 2 Jonathan Huberdeau       Jonathan Drouin          45     0   2  3  

4 vs 4 Defense
   Defense                  Defense                  Time % Phy DF OF 
 1 Alex Pietrangelo         Justin Braun             55     0   3  2  
 2 Zach Werenski            Tyson Barrie             45     0   3  2  

Last Minutes Offensive
   Center                   Left Wing                Right Wing               Defense                  Defense                  
   Dylan Larkin             Gabriel Landeskog        Jonathan Huberdeau       Alex Pietrangelo         Justin Braun             

Last Minutes Defensive
   Center                   Left Wing                Right Wing               Defense                  Defense                  
   Dylan Larkin             Gabriel Landeskog        Jonathan Huberdeau       Alex Pietrangelo         Justin Braun             

Goaltenders
Starting : Darcy Kuemper            
Backup : Jake Allen               

Extra Forwards
Normal : Andreas Johnsson, Michael Raffl, Teuvo Teravainen - PP : Andreas Johnsson, Michael Raffl - PK : Teuvo Teravainen
Extra Defensemen
Normal : Justin Braun, Shea Theodore, Zach Werenski - PP : Alex Pietrangelo - PK : Shea Theodore, Alex Pietrangelo
Penalty Shots
Gabriel Landeskog, Dylan Larkin, Jonathan Huberdeau, Teuvo Teravainen, Boone Jenner
Custom OT Lines Forwards
Sidney Crosby, Dylan Larkin, Jonathan Huberdeau, Teuvo Teravainen, Boone Jenner, Jonathan Drouin, Andreas Johnsson, Michael Raffl, Robert Thomas, Gabriel Landeskog
Custom OT Lines Defensemen
Alex Pietrangelo, Justin Braun, Zach Werenski, Tyson Barrie, Shea Theodore

Scratches
Mark Borowiecki (Healthy)

Golden Knights

5 vs 5 Forward 
   Center                   Left Wing                Right Wing               Time % Phy DF OF 
 1 Evgeni Malkin            Blake Coleman            Phil Kessel              35     0   1  4  
 2 Derek Stepan             Antoine Roussel          Brock Boeser             35     0   2  3  
 3 Nic Dowd                 Austin Watson            Kyle Okposo              30     0   2  3  
 4 Daniel O'Regan           Drake Caggiula           Patrik Berglund          0      0   4  1  

5 vs 5 Defense 
   Defense                  Defense                                           Time % Phy DF OF 
 1 Dustin Byfuglien         P.K. Subban                                       36     0   2  3  
 2 Ryan Pulock              Brooks Orpik                                      34     0   2  3  
 3 Kris Russell             Korbinian Holzer                                  28     0   4  1  
 4 Korbinian Holzer         P.K. Subban                                       2      0   4  1  

PowerPlay Forward 
   Center                   Left Wing                Right Wing               Time % Phy DF OF 
 1 Evgeni Malkin            Blake Coleman            Phil Kessel              55     0   1  4  
 2 Derek Stepan             Antoine Roussel          Brock Boeser             45     0   1  4  

PowerPlay Defense
   Defense                  Defense                                           Time % Phy DF OF 
 1 Dustin Byfuglien         P.K. Subban                                       55     0   1  4  
 2 Ryan Pulock              Brooks Orpik                                      45     0   2  3  

Penalty Kill 4 Players Forward 
   Center                   Wing                     Time % Phy DF OF 
 1 Evgeni Malkin            Blake Coleman            55     0   3  2  
 2 Derek Stepan             Antoine Roussel          45     0   3  2  

Penalty Kill 4 Players Defense
   Defense                  Defense                  Time % Phy DF OF 
 1 Dustin Byfuglien         Brooks Orpik             55     0   4  1  
 2 Ryan Pulock              P.K. Subban              45     0   4  1  

Penalty Kill - 3 Players Forward 
   Forward                                           Time % Phy DF OF 
 1 Evgeni Malkin                                     55     0   4  1  
 2 Derek Stepan                                      45     0   4  1  

Penalty Kill - 3 Players Defense
   Defense                  Defense                  Time % Phy DF OF 
 1 Ryan Pulock              P.K. Subban              55     0   4  1  
 2 Brooks Orpik             Korbinian Holzer         45     0   4  1  

4 vs 4 Forward 
   Center                   Wing                     Time % Phy DF OF 
 1 Evgeni Malkin            Phil Kessel              55     0   2  3  
 2 Derek Stepan             Antoine Roussel          45     0   2  3  

4 vs 4 Defense
   Defense                  Defense                  Time % Phy DF OF 
 1 Dustin Byfuglien         P.K. Subban              55     0   3  2  
 2 Ryan Pulock              Brooks Orpik             45     0   3  2  

Last Minutes Offensive
   Center                   Left Wing                Right Wing               Defense                  Defense                  
   Evgeni Malkin            Derek Stepan             Phil Kessel              Dustin Byfuglien         P.K. Subban              

Last Minutes Defensive
   Center                   Left Wing                Right Wing               Defense                  Defense                  
   Evgeni Malkin            Derek Stepan             Kyle Okposo              Ryan Pulock              P.K. Subban              

Goaltenders
Starting : Connor Hellebuyck        
Backup : Louis Domingue           

Extra Forwards
Normal : Nic Dowd, Daniel O'Regan, Antoine Roussel - PP : Nic Dowd, Daniel O'Regan - PK : Antoine Roussel
Extra Defensemen
Normal : Kris Russell, Korbinian Holzer, Mark Barberio - PP : Kris Russell - PK : Korbinian Holzer, Mark Barberio
Penalty Shots
Evgeni Malkin, Brock Boeser, Phil Kessel, Blake Coleman, Derek Stepan
Custom OT Lines Forwards
Evgeni Malkin, Dustin Byfuglien, Brock Boeser, Phil Kessel, Derek Stepan, Blake Coleman, Antoine Roussel, Kyle Okposo, Austin Watson, Patrik Berglund
Custom OT Lines Defensemen
P.K. Subban, Ryan Pulock, Dustin Byfuglien, Korbinian Holzer, Brooks Orpik

Scratches
Byron Froese (Right Eye Injury)

% Time on Ice - Sharks

Lines # - Real PCT - Wanted PCT - Time Play
Normal Forward
1 - 31% - 35% - 16:05
2 - 33% - 35% - 17:08
3 - 26% - 30% - 13:46
4 - 10% - 0% - 5:05
Normal Defense
1 - 36% - 35% - 18:35
2 - 34% - 35% - 17:46
3 - 24% - 25% - 12:40
4 - 6% - 5% - 3:03
PP Forward
1 - 56% - 55% - 4:27
2 - 44% - 45% - 3:29
PP Defense
1 - 51% - 55% - 4:04
2 - 49% - 45% - 3:52
PK Forward
1 - 0% - 55%
2 - 0% - 45%
PK Defense
1 - 0% - 55%
2 - 0% - 45%
PK3 Forward
1 - 0% - 55%
2 - 0% - 45%
PK3 Defense
1 - 0% - 55%
2 - 0% - 45%
44 Forward
1 - 0% - 55%
2 - 0% - 45%
44 Defense
1 - 0% - 55%
2 - 0% - 45%
Last Minute Offensive  - 0:00
Last Minute Defensive  - 0:00
Total
Forward - 60:00
Defense - 60:00

% Time on Ice - Golden Knights

Lines # - Real PCT - Wanted PCT - Time Play
Normal Forward
1 - 30% - 35% - 15:42
2 - 32% - 35% - 16:44
3 - 26% - 30% - 13:25
4 - 12% - 0% - 6:13
Normal Defense
1 - 35% - 36% - 18:05
2 - 34% - 34% - 17:33
3 - 30% - 28% - 15:47
4 - 1% - 2% - 0:39
PP Forward
1 - 0% - 55%
2 - 0% - 45%
PP Defense
1 - 0% - 55%
2 - 0% - 45%
PK Forward
1 - 63% - 55% - 5:01
2 - 37% - 45% - 2:55
PK Defense
1 - 61% - 55% - 4:50
2 - 39% - 45% - 3:06
PK3 Forward
1 - 0% - 55%
2 - 0% - 45%
PK3 Defense
1 - 0% - 55%
2 - 0% - 45%
44 Forward
1 - 0% - 55%
2 - 0% - 45%
44 Defense
1 - 0% - 55%
2 - 0% - 45%
Last Minute Offensive  - 0:00
Last Minute Defensive  - 0:00
Total
Forward - 60:00
Defense - 60:00

Play-by-Play

1st period


0:01 of 1st period - Sidney Crosby wins face-off versus Evgeni Malkin in neutral zone.
0:32 of 1st period - Snap shot by Teuvo Teravainen.
0:32 of 1st period - Stopped by Connor Hellebuyck with a rebound.
0:50 of 1st period - Slapshot by Andreas Johnsson.
0:50 of 1st period - Stopped by Connor Hellebuyck without a rebound.
0:51 of 1st period - Boone Jenner wins face-off versus Kyle Okposo in Golden Knights zone.
1:18 of 1st period - Ryan Pulock is hit by Dylan Larkin and loses puck.
1:39 of 1st period - Slapshot by Sidney Crosby.
1:39 of 1st period - Shot Misses the Net.
1:47 of 1st period - Snap shot by Derek Stepan.
1:47 of 1st period - Stopped by Darcy Kuemper without a rebound.
1:48 of 1st period - Nic Dowd wins face-off versus Boone Jenner in Sharks zone.
2:23 of 1st period - Snap shot by Phil Kessel.
2:23 of 1st period - Stopped by Darcy Kuemper with a rebound.
3:40 of 1st period - Slapshot by Dustin Byfuglien.
3:40 of 1st period - Shot Blocked by Alex Pietrangelo.
3:42 of 1st period - Wrist shot by Drake Caggiula.
3:42 of 1st period - Stopped by Darcy Kuemper without a rebound.
3:43 of 1st period - Sidney Crosby wins face-off versus Nic Dowd in Sharks zone.
5:08 of 1st period - Slapshot by Tyson Barrie.
5:08 of 1st period - Shot Blocked by Austin Watson.
5:57 of 1st period - Slapshot by Tyson Barrie.
5:57 of 1st period - Deflect By Robert Thomas.
5:57 of 1st period - Shot Blocked by Dustin Byfuglien.
5:57 of 1st period - Puck is out of play.
5:58 of 1st period - Evgeni Malkin wins face-off versus Dylan Larkin in Golden Knights zone.
6:24 of 1st period - Slapshot by Boone Jenner.
6:24 of 1st period - Stopped by Connor Hellebuyck with a rebound.
6:34 of 1st period - Snap shot by Andreas Johnsson.
6:34 of 1st period - Shot Blocked by Blake Coleman.
6:46 of 1st period - Snap shot by Phil Kessel.
6:46 of 1st period - Stopped by Darcy Kuemper with a rebound.
6:48 of 1st period - Wrist shot by Blake Coleman.
6:48 of 1st period - Stopped by Darcy Kuemper with a rebound.
6:50 of 1st period - Snap shot by Brooks Orpik.
6:50 of 1st period - Deflect By Evgeni Malkin.
6:50 of 1st period - Shot Misses the Net.
6:50 of 1st period - Puck is out of play.
6:51 of 1st period - Sidney Crosby wins face-off versus Nic Dowd in Sharks zone.
7:09 of 1st period - Off-side.
7:10 of 1st period - Dylan Larkin wins face-off versus Derek Stepan in neutral zone.
7:15 of 1st period - Wrist shot by Dylan Larkin.
7:15 of 1st period - Stopped by Connor Hellebuyck with a rebound.
7:21 of 1st period - Snap shot by Derek Stepan.
7:21 of 1st period - Stopped by Darcy Kuemper without a rebound.
7:22 of 1st period - Nic Dowd wins face-off versus Dylan Larkin in Sharks zone.
7:32 of 1st period - Snap shot by Kyle Okposo.
7:32 of 1st period - Stopped by Darcy Kuemper without a rebound.
7:33 of 1st period - Sidney Crosby wins face-off versus Antoine Roussel in Sharks zone.
8:11 of 1st period - Snap shot by Kyle Okposo.
8:11 of 1st period - Stopped by Darcy Kuemper without a rebound.
8:12 of 1st period - Evgeni Malkin wins face-off versus Dylan Larkin in Sharks zone.
8:31 of 1st period - Blake Coleman is hit by Jonathan Drouin and loses puck.
8:45 of 1st period - Backhand shot by Phil Kessel.
8:45 of 1st period - Stopped by Darcy Kuemper without a rebound.
8:46 of 1st period - Jonathan Huberdeau wins face-off versus Derek Stepan in Sharks zone.
8:57 of 1st period - Backhand shot by Sidney Crosby.
8:57 of 1st period - Shot Misses the Net.
8:59 of 1st period - Minor Penalty to Brock Boeser for Hooking.
9:00 of 1st period - Sidney Crosby wins face-off versus Evgeni Malkin in Golden Knights zone.
9:19 of 1st period - Blake Coleman is hit by Sidney Crosby and loses puck.
10:59 of 1st period - Penalty to Brock Boeser is over, Brock Boeser is back on ice.
11:28 of 1st period - Kris Russell is hit by Kenny Agostino and loses puck.
11:37 of 1st period - Snap shot by Patrik Berglund.
11:37 of 1st period - Stopped by Darcy Kuemper without a rebound.
11:38 of 1st period - Boone Jenner wins face-off versus Derek Stepan in Sharks zone.
13:15 of 1st period - Wrist shot by Drake Caggiula.
13:15 of 1st period - Stopped by Darcy Kuemper with a rebound.
13:17 of 1st period - Snap shot by P.K. Subban.
13:17 of 1st period - Shot Misses the Net.
13:56 of 1st period - Off-side.
13:57 of 1st period - Derek Stepan wins face-off versus Dylan Larkin in neutral zone.
15:11 of 1st period - Off-side.
15:12 of 1st period - Jonathan Drouin wins face-off versus Daniel O'Regan in neutral zone.
15:25 of 1st period - Snap shot by Jonathan Drouin.
15:25 of 1st period - Shot Blocked by Brooks Orpik.
15:27 of 1st period - Snap shot by Teuvo Teravainen.
15:27 of 1st period - Stopped by Connor Hellebuyck without a rebound.
15:28 of 1st period - Derek Stepan wins face-off versus Boone Jenner in Golden Knights zone.
15:34 of 1st period - Icing by Brooks Orpik.
15:35 of 1st period - Boone Jenner wins face-off versus Derek Stepan in Golden Knights zone.
15:39 of 1st period - Icing by Ryan Pulock.
15:40 of 1st period - Derek Stepan wins face-off versus Dylan Larkin in Golden Knights zone.
15:40 of 1st period - Derek Stepan is hit by Zach Werenski.
15:48 of 1st period - Slapshot by Derek Stepan.
15:48 of 1st period - Stopped by Darcy Kuemper with a rebound.
15:50 of 1st period - Snap shot by Derek Stepan.
15:50 of 1st period - Shot Blocked by Teuvo Teravainen.
15:52 of 1st period - Snap shot by Brooks Orpik.
15:52 of 1st period - Shot Misses the Net.
15:54 of 1st period - Snap shot by Brock Boeser.
15:54 of 1st period - Stopped by Darcy Kuemper with a rebound.
15:56 of 1st period - Backhand shot by Antoine Roussel.
15:56 of 1st period - Stopped by Darcy Kuemper with a rebound.
16:00 of 1st period - Snap shot by Derek Stepan.
16:00 of 1st period - Stopped by Darcy Kuemper with a rebound.
16:02 of 1st period - Slapshot by Antoine Roussel.
16:02 of 1st period - Shot Misses the Net.
16:33 of 1st period - Wrist shot by Dylan Larkin.
16:33 of 1st period - Stopped by Connor Hellebuyck without a rebound.
16:34 of 1st period - Boone Jenner wins face-off versus Evgeni Malkin in Golden Knights zone.
16:45 of 1st period - Wrist shot by Phil Kessel.
16:45 of 1st period - Shot Hit the Post.
17:10 of 1st period - Slapshot by Kyle Okposo.
17:10 of 1st period - Goal by Kyle Okposo - Sharks : 0 - Golden Knights : 1.
17:11 of 1st period - Evgeni Malkin wins face-off versus Boone Jenner in neutral zone.
17:16 of 1st period - Snap shot by Evgeni Malkin.
17:16 of 1st period - Shot Misses the Net.
17:24 of 1st period - P.K. Subban is hit by Colton Sceviour and loses puck.
17:48 of 1st period - Snap shot by Jonathan Huberdeau.
17:48 of 1st period - Shot Hit the Post.
18:41 of 1st period - Evgeni Malkin is hit by Justin Braun and loses puck.
19:02 of 1st period - Snap shot by Alex Pietrangelo.
19:02 of 1st period - Deflect By Jonathan Huberdeau.
19:02 of 1st period - Shot Blocked by Kris Russell.
19:02 of 1st period - Puck is out of play.
19:03 of 1st period - Nic Dowd wins face-off versus Sidney Crosby in Golden Knights zone.
19:05 of 1st period - Icing by Kyle Okposo.
19:06 of 1st period - Sidney Crosby wins face-off versus Nic Dowd in Golden Knights zone.
19:13 of 1st period - Wrist shot by Kyle Okposo.
19:13 of 1st period - Stopped by Darcy Kuemper with a rebound.
19:22 of 1st period - Snap shot by Kyle Okposo.
19:22 of 1st period - Stopped by Darcy Kuemper with a rebound.
19:24 of 1st period - Snap shot by Nic Dowd.
19:24 of 1st period - Shot Misses the Net.
19:26 of 1st period - Wrist shot by Nic Dowd.
19:26 of 1st period - Shot Misses the Net.
19:28 of 1st period - Slapshot by P.K. Subban.
19:28 of 1st period - Shot Misses the Net.
19:52 of 1st period - Snap shot by Kyle Okposo.
19:52 of 1st period - Stopped by Darcy Kuemper with a rebound.
19:54 of 1st period - Slapshot by Nic Dowd.
19:54 of 1st period - Stopped by Darcy Kuemper with a rebound.
19:56 of 1st period - Slapshot by Kris Russell.
19:56 of 1st period - Shot Misses the Net.
Goals for this period are 0 for Sharks vs 1 for Golden Knights.
Shots for this period are 6 for Sharks vs 20 for Golden Knights.

2nd period


0:01 of 2nd period - Derek Stepan wins face-off versus Dylan Larkin in neutral zone.
0:23 of 2nd period - Icing by Teuvo Teravainen.
0:24 of 2nd period - Evgeni Malkin wins face-off versus Boone Jenner in Sharks zone.
0:25 of 2nd period - Wrist shot by Phil Kessel.
0:25 of 2nd period - Stopped by Darcy Kuemper without a rebound.
0:26 of 2nd period - Evgeni Malkin wins face-off versus Boone Jenner in Sharks zone.
0:41 of 2nd period - Snap shot by Evgeni Malkin.
0:41 of 2nd period - Shot Misses the Net.
1:03 of 2nd period - Slapshot by Nic Dowd.
1:03 of 2nd period - Stopped by Darcy Kuemper without a rebound.
1:04 of 2nd period - Dylan Larkin wins face-off versus Derek Stepan in Sharks zone.
1:15 of 2nd period - Wrist shot by Brock Boeser.
1:15 of 2nd period - Shot Blocked by Zach Werenski.
1:21 of 2nd period - Snap shot by Dylan Larkin.
1:21 of 2nd period - Stopped by Connor Hellebuyck without a rebound.
1:22 of 2nd period - Gabriel Landeskog wins face-off versus Evgeni Malkin in Golden Knights zone.
1:25 of 2nd period - Snap shot by Gabriel Landeskog.
1:25 of 2nd period - Shot Misses the Net.
1:27 of 2nd period - Slapshot by Justin Braun.
1:27 of 2nd period - Deflect By Sidney Crosby.
1:27 of 2nd period - Stopped by Connor Hellebuyck without a rebound.
1:28 of 2nd period - Evgeni Malkin wins face-off versus Sidney Crosby in Golden Knights zone.
1:55 of 2nd period - Slapshot by Dylan Larkin.
1:55 of 2nd period - Shot Misses the Net.
1:57 of 2nd period - Wrist shot by Justin Braun.
1:57 of 2nd period - Deflect By Dustin Byfuglien.
1:57 of 2nd period - Stopped by Connor Hellebuyck with a rebound.
1:59 of 2nd period - Wrist shot by Teuvo Teravainen.
1:59 of 2nd period - Stopped by Connor Hellebuyck with a rebound.
2:59 of 2nd period - Slapshot by Zach Werenski.
2:59 of 2nd period - Deflect By Evgeni Malkin.
2:59 of 2nd period - Stopped by Connor Hellebuyck without a rebound.
3:00 of 2nd period - Evgeni Malkin wins face-off versus Gabriel Landeskog in Golden Knights zone.
3:33 of 2nd period - Wrist shot by Dylan Larkin.
3:33 of 2nd period - Stopped by Connor Hellebuyck without a rebound.
3:34 of 2nd period - Dylan Larkin wins face-off versus Nic Dowd in Golden Knights zone.
3:59 of 2nd period - Alex Pietrangelo is hit by Austin Watson and loses puck.
4:38 of 2nd period - Wrist shot by Andreas Johnsson.
4:38 of 2nd period - Shot Misses the Net.
4:48 of 2nd period - Backhand shot by Alex Pietrangelo.
4:48 of 2nd period - Stopped by Connor Hellebuyck with a rebound.
4:54 of 2nd period - Alex Pietrangelo is hit by Austin Watson and loses puck.
5:13 of 2nd period - Slapshot by Kyle Okposo.
5:13 of 2nd period - Shot Blocked by Alex Pietrangelo.
5:15 of 2nd period - Wrist shot by Ryan Pulock.
5:15 of 2nd period - Shot Blocked by Alex Pietrangelo.
5:17 of 2nd period - Backhand shot by Brooks Orpik.
5:17 of 2nd period - Deflect By Alex Pietrangelo.
5:17 of 2nd period - Stopped by Darcy Kuemper without a rebound.
5:18 of 2nd period - Dylan Larkin wins face-off versus Derek Stepan in Sharks zone.
5:18 of 2nd period - Dylan Larkin is hit by Antoine Roussel.
5:33 of 2nd period - Snap shot by Brock Boeser.
5:33 of 2nd period - Goal by Brock Boeser - Sharks : 0 - Golden Knights : 2.
5:34 of 2nd period - Jonathan Huberdeau wins face-off versus Evgeni Malkin in neutral zone.
5:45 of 2nd period - Slapshot by Sidney Crosby.
5:45 of 2nd period - Stopped by Connor Hellebuyck without a rebound.
5:46 of 2nd period - Derek Stepan wins face-off versus Jonathan Drouin in Golden Knights zone.
5:53 of 2nd period - Shea Theodore is hit by Antoine Roussel and loses puck.
6:32 of 2nd period - Slapshot by P.K. Subban.
6:32 of 2nd period - Shot Blocked by Boone Jenner.
6:34 of 2nd period - Slapshot by Dustin Byfuglien.
6:34 of 2nd period - Shot Blocked by Boone Jenner.
6:36 of 2nd period - Snap shot by Dustin Byfuglien.
6:36 of 2nd period - Stopped by Darcy Kuemper without a rebound.
6:37 of 2nd period - Dylan Larkin wins face-off versus Daniel O'Regan in Sharks zone.
6:48 of 2nd period - Snap shot by Drake Caggiula.
6:48 of 2nd period - Stopped by Darcy Kuemper without a rebound.
6:49 of 2nd period - Sidney Crosby wins face-off versus Derek Stepan in Sharks zone.
6:49 of 2nd period - Sidney Crosby is hit by Antoine Roussel.
7:07 of 2nd period - Mirco Mueller is hit by Derek Stepan and loses puck.
7:25 of 2nd period - Icing by Blake Coleman.
7:26 of 2nd period - Dylan Larkin wins face-off versus Evgeni Malkin in Golden Knights zone.
7:33 of 2nd period - Wrist shot by Jonathan Drouin.
7:33 of 2nd period - Stopped by Connor Hellebuyck without a rebound.
7:34 of 2nd period - Dylan Larkin wins face-off versus Antoine Roussel in Golden Knights zone.
7:37 of 2nd period - Slapshot by Teuvo Teravainen.
7:37 of 2nd period - Shot Misses the Net.
8:06 of 2nd period - Snap shot by Brock Boeser.
8:06 of 2nd period - Stopped by Darcy Kuemper with a rebound.
9:25 of 2nd period - Wrist shot by Dylan Larkin.
9:25 of 2nd period - Shot Blocked by Brooks Orpik.
9:27 of 2nd period - Slapshot by Tyson Barrie.
9:27 of 2nd period - Stopped by Connor Hellebuyck without a rebound.
9:28 of 2nd period - Evgeni Malkin wins face-off versus Sidney Crosby in Golden Knights zone.
9:35 of 2nd period - Wrist shot by Phil Kessel.
9:35 of 2nd period - Shot Misses the Net.
9:37 of 2nd period - Slapshot by P.K. Subban.
9:37 of 2nd period - Shot Misses the Net.
10:03 of 2nd period - Icing by Alex Pietrangelo.
10:04 of 2nd period - Boone Jenner wins face-off versus Evgeni Malkin in Sharks zone.
10:37 of 2nd period - Backhand shot by Kyle Okposo.
10:37 of 2nd period - Stopped by Darcy Kuemper with a rebound.
10:39 of 2nd period - Slapshot by Korbinian Holzer.
10:39 of 2nd period - Stopped by Darcy Kuemper with a rebound.
10:54 of 2nd period - Off-side.
10:55 of 2nd period - Sidney Crosby wins face-off versus Evgeni Malkin in neutral zone.
11:53 of 2nd period - Gabriel Landeskog is hit by Patrik Berglund and loses puck.
12:40 of 2nd period - Wrist shot by Robert Thomas.
12:40 of 2nd period - Stopped by Connor Hellebuyck without a rebound.
12:41 of 2nd period - Evgeni Malkin wins face-off versus Jonathan Huberdeau in Golden Knights zone.
13:08 of 2nd period - Teuvo Teravainen is hit by Korbinian Holzer and loses puck.
13:35 of 2nd period - Snap shot by Kyle Okposo.
13:35 of 2nd period - Stopped by Darcy Kuemper without a rebound.
13:36 of 2nd period - Evgeni Malkin wins face-off versus Sidney Crosby in Sharks zone.
13:45 of 2nd period - Snap shot by Sidney Crosby.
13:45 of 2nd period - Shot Misses the Net.
13:47 of 2nd period - Slapshot by Mirco Mueller.
13:47 of 2nd period - Stopped by Connor Hellebuyck without a rebound.
13:48 of 2nd period - Sidney Crosby wins face-off versus Evgeni Malkin in Golden Knights zone.
13:49 of 2nd period - Slapshot by Gabriel Landeskog.
13:49 of 2nd period - Stopped by Connor Hellebuyck with a rebound.
13:51 of 2nd period - Snap shot by Jonathan Huberdeau.
13:51 of 2nd period - Stopped by Connor Hellebuyck with a rebound.
14:36 of 2nd period - Justin Braun is hit by Dustin Byfuglien.
14:40 of 2nd period - Wrist shot by Andreas Johnsson.
14:40 of 2nd period - Stopped by Connor Hellebuyck without a rebound.
14:41 of 2nd period - Evgeni Malkin wins face-off versus Sidney Crosby in Golden Knights zone.
15:15 of 2nd period - Snap shot by Brock Boeser.
15:15 of 2nd period - Stopped by Darcy Kuemper without a rebound.
15:16 of 2nd period - Derek Stepan wins face-off versus Boone Jenner in Sharks zone.
15:21 of 2nd period - Wrist shot by Antoine Roussel.
15:21 of 2nd period - Stopped by Darcy Kuemper with a rebound.
15:23 of 2nd period - Snap shot by Antoine Roussel.
15:23 of 2nd period - Stopped by Darcy Kuemper without a rebound.
15:24 of 2nd period - Boone Jenner wins face-off versus Derek Stepan in Sharks zone.
15:56 of 2nd period - Wrist shot by Andreas Johnsson.
15:56 of 2nd period - Deflect By Boone Jenner.
15:56 of 2nd period - Goal by Boone Jenner - Sharks : 1 - Golden Knights : 2.
15:57 of 2nd period - Sidney Crosby wins face-off versus Evgeni Malkin in neutral zone.
17:36 of 2nd period - Wrist shot by Teuvo Teravainen.
17:36 of 2nd period - Stopped by Connor Hellebuyck without a rebound.
17:37 of 2nd period - Dylan Larkin wins face-off versus Evgeni Malkin in Golden Knights zone.
18:02 of 2nd period - Dylan Larkin is hit by Korbinian Holzer and loses puck.
18:11 of 2nd period - Slapshot by Derek Stepan.
18:11 of 2nd period - Shot Blocked by Teuvo Teravainen.
18:53 of 2nd period - Snap shot by Teuvo Teravainen.
18:53 of 2nd period - Shot Blocked by Ryan Pulock.
18:55 of 2nd period - Snap shot by Jonathan Drouin.
18:55 of 2nd period - Stopped by Connor Hellebuyck with a rebound.
18:57 of 2nd period - Slapshot by Mirco Mueller.
18:57 of 2nd period - Stopped by Connor Hellebuyck with a rebound.
19:30 of 2nd period - Minor Penalty to Daniel O'Regan for Roughing.
19:31 of 2nd period - Sidney Crosby wins face-off versus Evgeni Malkin in Golden Knights zone.
Goals for this period are 1 for Sharks vs 1 for Golden Knights.
Shots for this period are 19 for Sharks vs 13 for Golden Knights.

3rd period


0:01 of 3rd period - Evgeni Malkin wins face-off versus Sidney Crosby in neutral zone.
0:10 of 3rd period - Snap shot by Blake Coleman.
0:10 of 3rd period - Stopped by Darcy Kuemper without a rebound.
0:11 of 3rd period - Evgeni Malkin wins face-off versus Sidney Crosby in Sharks zone.
1:30 of 3rd period - Penalty to Daniel O'Regan is over, Daniel O'Regan is back on ice.
1:47 of 3rd period - Icing by Justin Braun.
1:48 of 3rd period - Nic Dowd wins face-off versus Boone Jenner in Sharks zone.
2:03 of 3rd period - Wrist shot by Andreas Johnsson.
2:03 of 3rd period - Deflect By Boone Jenner.
2:03 of 3rd period - Stopped by Connor Hellebuyck with a rebound.
2:05 of 3rd period - Snap shot by Justin Braun.
2:05 of 3rd period - Shot Blocked by Kris Russell.
2:07 of 3rd period - Slapshot by Justin Braun.
2:07 of 3rd period - Deflect By Kyle Okposo.
2:07 of 3rd period - Stopped by Connor Hellebuyck without a rebound.
2:08 of 3rd period - Sidney Crosby wins face-off versus Blake Coleman in Golden Knights zone.
2:21 of 3rd period - Snap shot by Evgeni Malkin.
2:21 of 3rd period - Stopped by Darcy Kuemper without a rebound.
2:22 of 3rd period - Sidney Crosby wins face-off versus Evgeni Malkin in Sharks zone.
2:35 of 3rd period - P.K. Subban is hit by Gabriel Landeskog and loses puck.
3:17 of 3rd period - Snap shot by Robert Thomas.
3:17 of 3rd period - Shot Misses the Net.
3:19 of 3rd period - Snap shot by Mirco Mueller.
3:19 of 3rd period - Deflect By Kenny Agostino.
3:19 of 3rd period - Shot Misses the Net.
3:19 of 3rd period - Puck is out of play.
3:20 of 3rd period - Sidney Crosby wins face-off versus Evgeni Malkin in Golden Knights zone.
3:21 of 3rd period - Slapshot by Gabriel Landeskog.
3:21 of 3rd period - Shot Misses the Net.
4:08 of 3rd period - Snap shot by Teuvo Teravainen.
4:08 of 3rd period - Shot Blocked by Brooks Orpik.
5:13 of 3rd period - Colton Sceviour is hit by Brooks Orpik and loses puck.
7:13 of 3rd period - Snap shot by Sidney Crosby.
7:13 of 3rd period - Shot Misses the Net.
7:15 of 3rd period - Slapshot by Shea Theodore.
7:15 of 3rd period - Shot Hit the Post.
7:17 of 3rd period - Snap shot by Sidney Crosby.
7:17 of 3rd period - Stopped by Connor Hellebuyck with a rebound.
7:39 of 3rd period - Snap shot by Michael Raffl.
7:39 of 3rd period - Stopped by Connor Hellebuyck without a rebound.
7:40 of 3rd period - Boone Jenner wins face-off versus Evgeni Malkin in Golden Knights zone.
7:43 of 3rd period - Snap shot by Andreas Johnsson.
7:43 of 3rd period - Shot Blocked by P.K. Subban.
7:45 of 3rd period - Slapshot by Justin Braun.
7:45 of 3rd period - Shot Blocked by P.K. Subban.
7:58 of 3rd period - Andreas Johnsson is hit by Dustin Byfuglien and loses puck.
8:05 of 3rd period - Evgeni Malkin is hit by Colton Sceviour and loses puck.
8:22 of 3rd period - Snap shot by Evgeni Malkin.
8:22 of 3rd period - Shot Blocked by Zach Werenski.
8:24 of 3rd period - Snap shot by Blake Coleman.
8:24 of 3rd period - Stopped by Darcy Kuemper without a rebound.
8:25 of 3rd period - Nic Dowd wins face-off versus Sidney Crosby in Sharks zone.
8:28 of 3rd period - Snap shot by Kyle Okposo.
8:28 of 3rd period - Shot Blocked by Sidney Crosby.
8:33 of 3rd period - Wrist shot by Austin Watson.
8:33 of 3rd period - Deflect By Kyle Okposo.
8:33 of 3rd period - Shot Blocked by Alex Pietrangelo.
8:33 of 3rd period - Puck is out of play.
8:34 of 3rd period - Sidney Crosby wins face-off versus Nic Dowd in Sharks zone.
9:48 of 3rd period - Minor Penalty to Austin Watson for Hooking.
9:49 of 3rd period - Evgeni Malkin wins face-off versus Dylan Larkin in Golden Knights zone.
10:57 of 3rd period - Slapshot by Alex Pietrangelo.
10:57 of 3rd period - Stopped by Connor Hellebuyck without a rebound.
10:58 of 3rd period - Derek Stepan wins face-off versus Andreas Johnsson in Golden Knights zone.
11:30 of 3rd period - Icing by Jonathan Drouin.
11:31 of 3rd period - Sidney Crosby wins face-off versus Evgeni Malkin in Sharks zone.
11:48 of 3rd period - Penalty to Austin Watson is over, Austin Watson is back on ice.
11:52 of 3rd period - Slapshot by P.K. Subban.
11:52 of 3rd period - Shot Blocked by Shea Theodore.
11:56 of 3rd period - Wrist shot by Derek Stepan.
11:56 of 3rd period - Stopped by Darcy Kuemper with a rebound.
11:58 of 3rd period - Slapshot by P.K. Subban.
11:58 of 3rd period - Deflect By Derek Stepan.
11:58 of 3rd period - Shot Blocked by Shea Theodore.
11:58 of 3rd period - Puck is out of play.
11:59 of 3rd period - Derek Stepan wins face-off versus Boone Jenner in Sharks zone.
12:43 of 3rd period - Wrist shot by Brock Boeser.
12:43 of 3rd period - Goal by Brock Boeser - Sharks : 1 - Golden Knights : 3.
12:44 of 3rd period - Dylan Larkin wins face-off versus Evgeni Malkin in neutral zone.
13:11 of 3rd period - Dylan Larkin is hit by Brooks Orpik and loses puck.
13:20 of 3rd period - Snap shot by Drake Caggiula.
13:20 of 3rd period - Stopped by Darcy Kuemper with a rebound.
13:32 of 3rd period - Snap shot by Teuvo Teravainen.
13:32 of 3rd period - Stopped by Connor Hellebuyck with a rebound.
13:34 of 3rd period - Slapshot by Tyson Barrie.
13:34 of 3rd period - Shot Misses the Net.
13:39 of 3rd period - Minor Penalty to P.K. Subban for Hooking.
13:40 of 3rd period - Sidney Crosby wins face-off versus Evgeni Malkin in Golden Knights zone.
14:04 of 3rd period - Brooks Orpik is hit by Gabriel Landeskog and loses puck.
14:27 of 3rd period - Sidney Crosby is hit by Blake Coleman.
15:28 of 3rd period - Ryan Pulock is hit by Alex Pietrangelo and loses puck.
15:39 of 3rd period - Penalty to P.K. Subban is over, P.K. Subban is back on ice.
16:17 of 3rd period - Wrist shot by Boone Jenner.
16:17 of 3rd period - Stopped by Connor Hellebuyck without a rebound.
16:18 of 3rd period - Brock Boeser wins face-off versus Boone Jenner in Golden Knights zone.
16:27 of 3rd period - Wrist shot by Boone Jenner.
16:27 of 3rd period - Stopped by Connor Hellebuyck with a rebound.
16:59 of 3rd period - Mirco Mueller is hit by Korbinian Holzer and loses puck.
17:08 of 3rd period - Snap shot by Evgeni Malkin.
17:08 of 3rd period - Shot Misses the Net.
18:31 of 3rd period - Kris Russell is hit by Zach Werenski and loses puck.
Goals for this period are 0 for Sharks vs 1 for Golden Knights.
Shots for this period are 8 for Sharks vs 6 for Golden Knights.